 Dungeon Crawl Stone Soup version 0.31-a0-188-g5e087ee2ca (webtiles) character file.

Game seed: 3079306248006968696

86 qw the Shooter (level 4, 0/25 HPs)
             Began as a Deep Elf Hunter on June 23, 2023.
             Succumbed to an adder's poison
             ... on level 2 of the Dungeon.
             The game lasted 00:00:27 (775 turns).

qw the Shooter (Deep Elf Hunter)                     Turns: 775, Time: 00:00:28

Health: 0/25       AC:  3    Str: 10    XL:     4   Next: 27%
Magic:  6/6        EV: 12    Int: 14    God:
Gold:   1319       SH:  5    Dex: 18    Spells: 3/3 levels left

rFire   . . .        Y - +0 shortbow
rCold   . . .        (shield currently unavailable)
rNeg    . . .        c - +0 leather armour
rPois   .            (no helmet)
rElec   .            (no cloak)
rCorr   .            (no gloves)
SInv    .            (no boots)
Will    .....        h - amulet of reflection
Stlth   ++           (no ring)
HPRegen 0.24/turn    (no ring)
MPRegen 0.10/turn

%: reflection
@: lethally poisoned (0 -> -5)
A: no striking features
a: no special abilities


You were on level 2 of the Dungeon.
You visited 1 branch of the dungeon, and saw 2 of its levels.

You collected 1319 gold pieces.


   Skills:
 - Level 1.5 Fighting
 + Level 7.7 Ranged Weapons
 - Level 2.4 Dodging
 - Level 1.2 Stealth


You had 3 spell levels left.
You didn't know any spells.
Your spell library was empty.

Inventory:

Hand Weapons
 Y - a +0 shortbow (weapon)
Armour
 b - a +0 ring mail
 c - a +0 leather armour (worn)
Jewellery
 h - an amulet of reflection (around neck)
Scrolls
 d - 2 scrolls of immolation {unknown}
Potions
 a - a potion of heal wounds {unknown}

Dungeon Overview and Level Annotations

Branches:
Dungeon (2/15)

Altars:
Sif Muna


Message History

You shoot an arrow. The adder hisses angrily.
The arrow hits the kobold!
You kill the kobold!
You shoot an arrow.
The arrow hits the adder but does no damage.
You block the adder's attack.
You shoot an arrow. The arrow hits the adder!
The adder is severely wounded.
The adder barely misses you. The adder completely misses you.
You shoot an arrow. The arrow closely misses the adder.
The adder barely misses you.
You shoot an arrow. The arrow misses the adder.
The adder barely misses you.
You shoot an arrow. The arrow closely misses the adder.
The adder bites you.
You are poisoned.
The adder poisons you! The adder bites you.
You are more poisoned.
The adder poisons you!
You shoot an arrow. The arrow hits the adder.
The adder is severely wounded.
You feel very sick. The adder misses you.
You shoot an arrow. The arrow closely misses the adder.
You feel very sick. The adder bites you.
You are more poisoned.
The adder poisons you! The adder bites you.
You shoot an arrow. The arrow hits the adder.
The adder is almost dead.
You feel very sick. The adder bites you.
You shoot an arrow. The arrow barely misses the adder.
You feel sick. The adder bites you.
You shoot an arrow. The arrow hits the adder.
You kill the adder!
You feel sick.
There is a lethal amount of poison in your body!
You die...

.# ..## .....
... ..... ...
...... ....
......### .....
#..)).##..#.##.
#@........
#.......#
#.####..#
#.#.....#####
#............
###...#.....#
#...# ....#
#..)##.....
#......#...


There were no monsters in sight!

Vanquished Creatures
  3 gnolls (D:2)
  An adder (D:2)
  2 worms (D:2)
  A dart slug (D:1)
  2 bats
  2 endoplasms
  4 giant cockroaches (D:1)
  6 goblins
  3 hobgoblins (D:1)
  A jackal (D:2)
  5 kobolds
  A quokka (D:1)
  3 ball pythons
  3 frilled lizards
  3 rats (D:1)
40 creatures vanquished.

Notes
Turn   | Place    | Note
-------+----------+-------------------------------------------
     0 | D:1      | qw the Deep Elf Hunter began the quest for the Orb.
     0 | D:1      | Reached XP level 1. HP: 12/12 MP: 3/3
     0 | D:1      | 0 ||| qw: Version: 0.3-a-9-g12657ce
     0 | D:1      | 0 ||| qw: Game counter: 3470
     0 | D:1      | 0 ||| qw: Always use a shield: true
     0 | D:1      | 0 ||| qw: God list: Okawaru
     0 | D:1      | 0 ||| qw: Allow faded altars: false
     0 | D:1      | 0 ||| qw: Do Orc after D:15 true
     0 | D:1      | 0 ||| qw: Do second Lair branch before Depths: true
     0 | D:1      | 0 ||| qw: Lair rune preference: random
     0 | D:1      | 0 ||| qw: Plans: Normal
     0 | D:1      | 0 ||| PLANNING D:1-11
    59 | D:1      | Found a faded altar of an unknown god.
    68 | D:1      | 68 ||| UPGRADING to amulet of the acrobat.
    73 | D:1      | 73 ||| READING scroll labelled IZXAQIASCHE.
    73 | D:1      | Identified a scroll of acquirement
    73 | D:1      | 73 ||| ACQUIRING 1272 gold pieces
    73 | D:1      | Acquired 1272 gold pieces
   123 | D:1      | Reached XP level 2. HP: 16/16 MP: 4/4
   128 | D:1      | Reached skill level 6 in Ranged Weapons
   414 | D:1      | Reached XP level 3. HP: 20/20 MP: 5/5
   508 | D:1      | 508 ||| UPGRADING to amulet of reflection.
   518 | D:1      | 518 ||| DROPPING amulet of the acrobat.
   519 | D:1      | 519 ||| READING scroll labelled UDUZAOHOGG.
   520 | D:1      | 520 ||| READING scroll labelled DAAWEO LATIRIM.
   521 | D:1      | 521 ||| READING scroll labelled COOFEMI ICOL.
   522 | D:1      | 522 ||| DROPPING scroll of butterflies.
   665 | D:2      | Found a shimmering blue altar of Sif Muna.
   692 | D:2      | Reached skill level 7 in Ranged Weapons
   749 | D:2      | Reached XP level 4. HP: 25/25 MP: 6/6
   773 | D:2      | HP: 5/25 [poisoned by an adder]
   774 | D:2      | HP: 2/25 [poisoned by an adder]
   775 | D:2      | Succumbed to an adder's poison

Levels and vault maps discovered:
D:1:      minmay_arrival_open_corners, layout_rooms,
          shapermc_ecumenical_altar_notcrosses, minmay_split_cup_small
D:2:      layout_basic, serial_shops, nicolae_square_shop, basic_altar,
          kennysheep_generic_room_5

Skill      XL: |  1  2  3 |
---------------+----------+-----
Ranged Weapons | 6 7 |  7.7
Fighting       | |  1.5
Dodging        | |  2.4
Stealth        | |  1.2

Action                     |  1- 3 |  4- 6 || total
---------------------------+-------+-------++-------
   Fire: Shortbow          |    98 |    14 ||   112
    Use: Scroll            |     4 |       ||     4
 Armour: Leather armour    |    14 |       ||    14
  Dodge: Dodged            |    22 |     5 ||    27
  Block: Other             |     7 |     1 ||     8

Table legend:
 A = Non-vault XP
 B = Vault XP
 C = Vault XP percentage of total XP
 D = Non-vault monster count
 E = Vault monster count
 F = Vault count percentage of total count
                 A         B        C        D         E       F
            +---------+---------+-------+---------+---------+-------
      Total |     114 |      10 |   8.1 |      34 |       6 |  15.0
            +---------+---------+-------+---------+---------+-------
        D:1 |      41 |       5 |  10.9 |      23 |       3 |  11.5
        D:2 |      73 |       5 |   6.4 |      11 |       3 |  21.4
            +---------+---------+-------+---------+---------+-------
